 Dungeon Crawl Stone Soup version 0.27-a0-1324-ge0d8e047f6 (webtiles) character file.

Game seed: 280381066055238405

5285 Delamore the Spear-Bearer (level 10, -6/74 HPs)
             Began as a Formicid Fighter on June 23, 2021.
             Was an Initiate of Gozag.
             Mangled by a two-headed ogre (27 damage)
             ... on level 9 of the Dungeon.
             The game lasted 00:10:09 (7370 turns).

Delamore the Spear-Bearer (Formicid Fighter)        Turns: 7370, Time: 00:10:10

Health: -6/74      AC: 10    Str: 28    XL:     10   Next: 94%
Magic:  10/10      EV: 10    Int:  4    God:    Gozag
Gold:   588        SH: 12    Dex: 10    Spells: 9/9 levels left

rFire    + . .     SeeInvis +   o - +2 spear (venom)
rCold    + + .     Faith    .   c - +1 kite shield
rNeg     . . .     Spirit   .   A - +0 swamp dragon scales
rPois    +         Reflect  .   (helmet unavailable)
rElec    .         Harm     .   v - +0 cloak
rCorr    .         Rampage  .   (no gloves)
Will     +....                  t - +0 pair of boots
Stlth    ..........             h - amulet of regeneration
HPRegen  1.22/turn              y - ring "Haelegav" {rF+ rC++ Str+3 Int-3}
MPRegen  0.12/turn              (no ring)

@: no status effects
A: permanent stasis, dig shafts and tunnels, antennae 3, four strong arms
a: Dig, Shaft Self, Renounce Religion, Potion Petition, Call Merchant, Bribe
Branch


You were on level 9 of the Dungeon.
You worshipped Gozag.
Gozag was pleased with you.
You visited 2 branches of the dungeon, and saw 10 of its levels.

You collected 873 gold pieces.
You spent 96 gold pieces at shops.
You paid 189 gold pieces to Gozag.

Inventory:

Hand Weapons
 a - a +0 trident
 b - a +3 halberd
 o - a +2 spear of venom (weapon)
 E - a +4 trident
Missiles
 i - 13 poisoned darts (quivered)
 m - 4 boomerangs
 F - 8 javelins
Armour
 c - a +1 kite shield (worn)
 t - a +0 pair of boots (worn)
 v - a +0 cloak (worn)
 A - +0 swamp dragon scales (worn)
 B - a +2 ring mail of willpower
 D - a scarf of invisibility
Jewellery
 h - an amulet of regeneration (around neck)
 u - an amulet of magic regeneration
 y - the ring "Haelegav" (left hand) {rF+ rC++ Str+3 Int-3}
   (You found it on level 5 of the Dungeon)

   [ring of protection from fire]

   It affects your strength (+3).
   It affects your intelligence (-3).
   It protects you from fire.
   It greatly protects you from cold.
Wands
 f - a wand of iceblast (8)
 k - a wand of charming (3)
 l - a wand of mindburst (21)
 n - a wand of flame (21)
 p - a wand of digging (5)
Scrolls
 e - a scroll of magic mapping
 z - a scroll of enchant armour
Potions
 d - a potion of might
 g - 2 potions of attraction
 j - 2 potions of mutation
 q - a potion of brilliance
 r - a potion of heal wounds
 s - 3 potions of curing
 x - a potion of invisibility
 C - a potion of cancellation


   Skills:
 - Level 5.0 Fighting
 * Level 13.8 Polearms
 - Level 3.2 Armour
 - Level 7.0 Shields


You had 9 spell levels left.
You didn't know any spells.
Your spell library contained the following spells:

 Spells                   Type           Power      Damage    Failure   Level
 Magic Dart               Conj           0%         1d3       77%         1
 Summon Small Mammal      Summ           0%         N/A       77%         1
 Call Imp                 Summ           0%         N/A       88%         2
 Searing Ray              Conj           0%         3d3       88%         2
 Call Canine Familiar     Summ           0%         N/A       98%         3
 Dazzling Flash           Conj/Hex       0%         N/A       98%         3
 Summon Guardian Golem    Hex/Summ       0%         N/A       98%         3
 Fulminant Prism          Conj/Hex       0%         3d6       100%        4
 Iskenderun's Mystic Bla  Conj/Tloc      0%         2d3       100%        4
 Summon Ice Beast         Ice/Summ       0%         N/A       100%        4
 Summon Lightning Spire   Summ/Air       0%         N/A       100%        4


Dungeon Overview and Level Annotations

Branches:
Dungeon (9/15)             Temple (1/1) D:4
   Lair: D:8-11         Orc: D:9-12

Altars:
Ashenzari
Cheibriados
Dithmenos
Elyvilon
Gozag
Hepliaklqana
Kikubaaqudgha
Makhleb
Okawaru
Qazlal
Ru
Sif Muna
Uskayaw
Vehumet
Wu Jian
Xom
Yredelemnul
Zin
The Shining One

Shops:
D:4 !

Annotations:
D:6 2 transporters, HESUNTHESUNT's ghost, novice DjFi


Innate Abilities, Weirdness & Mutations

You cannot be hasted, slowed, berserked, paralysed or teleported.
You can dig through walls and to a lower floor.
You have a pair of large antennae on your head. (SInv)
Your four strong arms can wield two-handed weapons with a shield.


Message History

The poisoned dart hits the two-headed ogre.
You throw a poisoned dart.
The poisoned dart barely misses the two-headed ogre.
You throw a poisoned dart.
The poisoned dart barely misses the two-headed ogre.
You throw a poisoned dart.
The poisoned dart hits the two-headed ogre.
The two-headed ogre is poisoned.
You throw a poisoned dart.
The poisoned dart barely misses the two-headed ogre.
You reach to attack!
You puncture the two-headed ogre!
The two-headed ogre is lightly wounded.
You reach to attack!
You barely miss the two-headed ogre.
The two-headed ogre is lightly wounded.
You hit the two-headed ogre.
The two-headed ogre looks even sicker.
The two-headed ogre is lightly wounded.
The two-headed ogre hits you with a +0 giant club!!
You block the two-headed ogre's attack.
You hit the two-headed ogre.
The two-headed ogre is moderately wounded.
You barely miss the two-headed ogre.
The two-headed ogre is moderately wounded.
You hit the two-headed ogre.
The two-headed ogre looks as sick as possible!
The two-headed ogre is moderately wounded.
The two-headed ogre hits you with a +0 giant club!!
* * * LOW HITPOINT WARNING * * *
The two-headed ogre hits you with a +0 giant club.
* * * LOW HITPOINT WARNING * * *
You are too injured to fight recklessly! [a] - 378 gold - resistance and might [b] - 110 gold - heal wounds [c] - 378 gold - resistance and might Purchase which effect?
You feel much better.
You block the two-headed ogre's attack. x2
The two-headed ogre hits you with a +0 giant club!!
* * * LOW HITPOINT WARNING * * *
The two-headed ogre hits you with a +0 giant club!!
You die...
Your body crumbles into a pile of gold.

#..(..$# ...#
#......#.....#
#......#.....#
#......#.....#
#.....<#.....###
#......#........
#...............
#...............
#......O@.......
#...............
################
{ { {


You could see a two-headed ogre (very poisoned).

Vanquished Creatures
  Erica (D:8)
  A two-headed ogre (D:8)
  Maggie (D:6)
  Grinder (D:3)
  5 yaks (D:8)
  Eustachio (D:6)
  Edmund (D:6)
  2 water moccasins
  2 black bears (D:5)
  An orc warrior (D:7)
  A sky beast (D:6)
  An ice beast (D:7)
  A necrophage (D:6)
  A water moccasin zombie (D:7)
  5 scorpions
  12 wights
  2 centaur zombies
  2 bullfrog zombies
  6 orc priests
  5 hounds
  Crazy Yiuf (D:4)
  2 centaur skeletons (D:7)
  A jelly (D:7)
  Ijyb (D:3)
  3 orc wizards (D:7)
  2 hound skeletons (D:4)
  A howler monkey zombie (D:5)
  7 adders
  4 gnolls (D:7)
  2 shadow imps (D:6)
  An ufetubus (D:5)
  3 adder skeletons
  2 worms (D:2)
  A dart slug (D:4)
  25 orcs
  9 ball pythons
  8 endoplasms
  2 giant cockroaches (D:3)
  6 goblins
  11 hobgoblins
  7 jackals
  3 quokkas
  3 bats
  5 frilled lizards
  10 kobolds
  6 rats
178 creatures vanquished.

Vanquished Creatures (others)
  A yak (D:8)
  A wight (D:8)
  An orc wizard (D:3)
3 creatures vanquished.

Grand Total: 181 creatures vanquished

Notes
Turn   | Place    | Note
-------+----------+-------------------------------------------
     0 | D:1      | Delamore the Formicid Fighter began the quest for the Orb.
     0 | D:1      | Reached XP level 1. HP: 18/18 MP: 1/1
    11 | D:1      | Found a faded altar of an unknown god.
   136 | D:1      | Reached XP level 2. HP: 24/24 MP: 2/2
   268 | D:1      | Reached XP level 3. HP: 19/29 MP: 3/3
   277 | D:1      | Reached skill level 3 in Polearms
   788 | D:1      | Found a glowing silver altar of Zin.
  1090 | D:2      | Reached XP level 4. HP: 37/37 MP: 4/4
  1551 | D:3      | Noticed Ijyb
  1567 | D:3      | Killed Ijyb
  1568 | D:3      | Reached skill level 4 in Polearms
  1568 | D:3      | Reached XP level 5. HP: 33/42 MP: 5/5
  1739 | D:3      | You fall into a shaft and drop 3 floors!
  1780 | D:6      | Noticed a sky beast
  1799 | D:6      | Killed a sky beast
  1800 | D:6      | Reached skill level 5 in Fighting
  1800 | D:6      | Reached skill level 5 in Polearms
  1800 | D:6      | Reached XP level 6. HP: 11/51 MP: 6/6
  2086 | D:5      | Entered Level 5 of the Dungeon
  2138 | D:5      | Reached skill level 6 in Polearms
  2138 | D:5      | Reached XP level 7. HP: 52/56 MP: 7/7
  2326 | D:3      | Found a hide-covered altar of Uskayaw.
  2326 | D:3      | Noticed a +0 hand axe
  2329 | D:3      | Noticed a +0 hand axe
  2329 | D:3      | Noticed Grinder
  2343 | D:3      | Killed Grinder
  2344 | D:3      | Reached skill level 7 in Polearms
  2344 | D:3      | Reached XP level 8. HP: 29/62 MP: 8/8
  2482 | D:3      | Found a burning altar of Makhleb.
  2486 | D:3      | Found a white marble altar of Elyvilon.
  2487 | D:3      | Found a hazy altar of Hepliaklqana.
  2487 | D:3      | Found a shadowy altar of Dithmenos.
  2487 | D:3      | Found a radiant altar of Vehumet.
  2491 | D:3      | Found a glowing golden altar of the Shining One.
  2494 | D:3      | Found an ornate altar of the Wu Jian Council.
  2712 | D:4      | Reached skill level 8 in Polearms
  2772 | D:4      | Found a sacrificial altar of Ru.
  2818 | D:4      | Found Cuqeud's Distillery.
  2836 | D:4      | Bought a potion of heal wounds for 60 gold pieces
  2836 | D:4      | Bought a potion of curing for 36 gold pieces
  2909 | D:4      | Found a runed translucent door.
  2910 | D:4      | Noticed Crazy Yiuf
  2979 | D:4      | Found a staircase to the Ecumenical Temple.
  2999 | Temple   | Entered the Ecumenical Temple
  3260 | D:4      | Killed Crazy Yiuf
  3416 | D:5      | Reached skill level 9 in Polearms
  3545 | Temple   | Became a worshipper of Gozag Ym Sagoz the Greedy
  3856 | D:5      | Identified the ring "Haelegav" {rF+ rC++ Str+3 Int-3}
  4181 | D:5      | Reached XP level 9. HP: 68/68 MP: 9/9
  4496 | D:6      | Noticed Maggie
  4523 | D:6      | Killed Maggie
  4524 | D:6      | Reached skill level 10 in Polearms
  4524 | D:6      | Reached skill level 5 in Shields
  4552 | D:6      | Found a transporter.
  4554 | D:6      | Noticed HESUNTHESUNT's ghost (novice DjFi)
  4775 | D:6      | Reached skill level 11 in Polearms
  4783 | D:6      | Noticed Eustachio
  4802 | D:6      | Killed Eustachio
  4986 | D:6      | Found a transporter.
  5077 | D:6      | Noticed Edmund
  5095 | D:6      | Killed Edmund
  5326 | D:7      | Reached XP level 10. HP: 72/74 MP: 10/10
  5506 | D:7      | Found an ancient bone altar of Kikubaaqudgha.
  6175 | D:7      | Reached skill level 12 in Polearms
  6672 | D:8      | Noticed a two-headed ogre
  6689 | D:8      | Killed a two-headed ogre
  6700 | D:8      | Reached skill level 13 in Polearms
  6878 | D:8      | Identified the +8 rapier of the Warrior {freeze, *Slow
                  | +Blink Dex+3}
  6983 | D:8      | Noticed Erica
  7002 | D:8      | Killed Erica
  7181 | D:8      | Found a basalt altar of Yredelemnul.
  7351 | D:9      | Noticed a two-headed ogre
  7370 | D:9      | Mangled by a two-headed ogre

Illustrated notes

Levels and vault maps discovered:
D:1:      dpeg_arrival_water_altar, layout_rooms,
          hellmonk_ecumenical_altar_arch_garden, minmay_hexomino_c4
D:2:      layout_basic
D:3:      layout_rooms, minitemple, dancing_weapons_uskayaw, uniq_ijyb,
          uniq_grinder
D:4:      layout_gridville, nicolae_ru_awakened_eye,
          minmay_temple_entry_proselytizer, serial_shops, shop,
          uniq_crazy_yiuf_cottage
D:5:      layout_layer_cave
D:6:      layout_basic, gammafunk_ghost_stat_death, uniq_eustachio, uniq_maggie,
          uniq_edmund
D:7:      layout_layer_cave, lemuel_crystal_altar, hangedman_decor_lopped,
          kennysheep_decorative_pillar
D:8:      layout_rooms, amcnicky_altar_gilded, uniq_erica
D:9:      layout_grid_maze, uniq_erolcha
Temple:   compressed_dpeg_triangle_lava_temple

Skill      XL: |  1  2  3  4  5  6  7  8  9 10 |
---------------+-------------------------------+-----
Polearms       | 3 4 5 6 7 9 11 13 | 13.8
Fighting       | 4 5 |  5.0
Shields        | 4 6 7 |  7.0
Armour         | |  3.2

Action                   |  1- 3 |  4- 6 |  7- 9 | 10-12 || total
-------------------------+-------+-------+-------+-------++-------
Melee: Trident           |    91 |   202 |    88 |       ||   381
       Spear             |       |       |   308 |   189 ||   497
Throw: Dart              |       |    13 |     2 |    10 ||    25
Invok: Potion Petition   |       |       |       |     1 ||     1
 Abil: Dig               |       |     2 |     4 |     1 ||     7
       Shaft Self        |       |     1 |       |       ||     1
Evoke: Wand              |       |       |     1 |     5 ||     6
  Use: Scroll            |     3 |     3 |     2 |     4 ||    12
 Stab: Distracted        |       |       |     1 |     2 ||     3
Armor: Scale mail        |    24 |    83 |    65 |       ||   172
       Swamp dragon scal |       |       |    42 |    16 ||    58
Dodge: Dodged            |    23 |    76 |    99 |    30 ||   228
Block: Kite shield       |    37 |   131 |   161 |    48 ||   377

Table legend: (Time is in decaauts)
 A = Elapsed time spent in this place.
 B = Non-inter-level travel time spent in this place.
 C = Inter-level travel time spent in this place.
 D = Time resting spent in this place.
 E = Time spent auto-exploring this place.
 F = Levels seen in this place.
 G = Mean time per level.
                   A        B        C        D        E       F      G
               +--------+--------+--------+--------+--------+-----+--------+
         Total |   7315 |   6825 |    490 |    703 |   4612 |  10 |  731.5 |
       Dungeon |   7202 |   6773 |    429 |    703 |   4566 |   9 |  800.2 |
        Temple |    113 |     52 |     61 |      0 |     46 |   1 |  113.0 |
               +--------+--------+--------+--------+--------+-----+--------+

Top non-repeatable levels by time:
     D:7: 1306 daAuts
     D:6: 1122 daAuts
     D:5: 1114 daAuts
     D:1: 862 daAuts
     D:2: 734 daAuts
     D:4: 705 daAuts
     D:3: 671 daAuts
     D:8: 667 daAuts
  Temple: 113 daAuts
     D:9: 16 daAuts
